Widget, chaotic male elven Priest ... ....- -.....-- |...)[).. ...@)%.. .o.).f. ...... --.. Widget the Acolyte Experience level: 4 Strength: 16 Dexterity: 14 Constitution: 14 Intelligence: 11 Wisdom: 13 Charisma: 10 Health: 0(30) Energy: 43(43) Def: 4 Gold: 264 Moves: 1807 Dungeon seed: 0yazT49LmvGxE80I Game ID: Widget_1614777103 Your Inventory: Coins $ - 264 gold pieces Weapons a - a blessed corroded +1 mace (weapon in hand) y - a +0 bow (alternate weapon; not wielded) D - 13 +0 arrows Armor e - a +1 robe (being worn) n - a +0 small shield (being worn) Comestibles c - a clove of garlic d - 2 sprigs of wolfsbane o - a partly eaten food ration A - 2 food rations Scrolls j - a scroll of remove curse m - a blessed scroll of identify z - a scroll of teleportation Spellbooks f - a spellbook of remove curse g - a spellbook of stone to flesh Potions b - 3 potions of holy water t - a potion of water Tools h - a wooden harp B - a blessed partly used tallow candle (lit) (0:140) C - 5 tallow candles (0:200) Spells and supernatural/magical abilities: Name Level Category Fail Memory r - remove curse 3 clerical 0% 91% S - stone to flesh 3 healing 95% 91% W - pray for help -- divine ? -- X - turn undead -- divine ? -- Your skills at the end: Fighting Skills Weapon Skills mace [Basic] Spellcasting Skills clerical spells [Basic] Final Attributes: You were piously aligned. You were sleep resistant. You had infravision. You are dead. Vanquished creatures: a gnome lord a gnomish wizard a little dog 2 dwarves an iguana an acid blob 3 coyotes a hobbit 5 manes a giant rat a yellow mold 8 gnomes 3 garter snakes a gnome zombie 2 geckos 4 jackals a kobold 2 goblins 7 grid bugs 4 lichens 4 newts 54 creatures vanquished. Voluntary challenges: You used a wielded weapon 44 times, starting on turn 92. You read items or engraved 3 times, starting on turn 591. You never genocided any monsters. You never polymorphed an object. You never changed form. You used no wishes. You never split a pudding. You never wrote Elbereth's name. You never violated your personal moral code. Dungeon overview: The Dungeons of Doom: levels 1 to 4 Level 1 a long staircase Level 2 a fountain Level 3 Level 4 a general store, some fountains stairs to The Gnomish Mines The Gnomish Mines: Level 5 <- You were here stairs to The Dungeons of Doom History has recorded: On T:1 you entered the Dungeons of Doom to retrieve the Amulet of Yendor! On T:184 you reached level 2 of The Dungeons of Doom. On T:277 you advanced to experience level 2. On T:532 you reached level 3 of The Dungeons of Doom. On T:777 you advanced to experience level 3. On T:854 you reached level 4 of The Dungeons of Doom. On T:1742 you reached level 1 of The Gnomish Mines. On T:1770 you advanced to experience level 4. Score breakdown: Gold: 264 ( 8243 points) Experience: 4 levels ( 9649 points) Exploration: 5 levels ( 10.00%) ( 8571 points) Discoveries: 11 items ( 3.85%) ( 5883 points) Valuables value: (no points given unless you survive) Artifact value: 0 ( 0 points) Variety of kills: 21 monsters ( 5.51%) ( 7043 points) Turncount: 1807 turns ( 0 points) Survival: died (score multiplied by 80%) Total score: 31511 Latest messages: D - an arrow. D - 10 arrows. There are a few objects here. The garter snake bites! You miss the garter snake. (2x) The garter snake bites! You miss the garter snake. The garter snake bites! You kill the garter snake! The hill orc puts on a hooded cloak. Qwerty falls into a pit! You see here a blessed dart. There is a long staircase up here. There are several objects here. D - an arrow. (2x) The gnome hits! You kill the gnome! The hill orc hits! You miss the hill orc. You hit the hill orc. The hill orc hits! You begin praying to Set. The hill orc hits! You die... Final status: Goodbye Widget the Priest, killed by a hill orc, while praying... You died in The Gnomish Mines on dungeon level 5 with 31511 points, and 264 pieces of gold, after 1807 moves. You were level 4 with a maximum of 30 hit points when you died.